 Dungeon Crawl Stone Soup version 0.30-a0-1074-g5db6f66fbb (webtiles) character file.

Game seed: 16837002703574018638

65 jimonade the Grasshopper (level 4, 0/45 HPs)
             Began as an Ogre Warper on Apr 14, 2023.
             Slain by a kobold
             ... wielding a +0 dagger
              (3 damage)
             ... on level 1 of the Dungeon.
             The game lasted 00:01:50 (1428 turns).

jimonade the Grasshopper (Ogre Warper)              Turns: 1428, Time: 00:01:50

Health: 0/45       AC:  3    Str: 23    XL:     4   Next: 13%
Magic:  8/8        EV: 10    Int: 14    God:
Gold:   60         SH:  0    Dex:  8    Spells: 8/8 levels left

rFire   . . .      SeeInvis .    a - +0 mace
rCold   . . .      Faith    .    (no shield)
rNeg    . . .      Spirit   .    b - +0 robe
rPois   .          Reflect  .    (helmet restricted)
rElec   .          Rampage  .    (no cloak)
rCorr   .                        (gloves unavailable)
Will    .....                    (boots unavailable)
Stlth   +                        (no amulet)
HPRegen 0.27/turn                g - +6 ring of strength
MPRegen 0.11/turn                (no ring)

@: no status effects
A: large, unfitting armour, tough skin 1
a: no special abilities


You were on level 1 of the Dungeon.
You visited 1 branch of the dungeon, and saw 2 of its levels.

You collected 60 gold pieces.

Inventory:

Hand Weapons
 a - a +0 mace (weapon)
 k - a +1 antimagic spear
Missiles
 d - 7 boomerangs of dispersal (quivered)
Armour
 b - a +0 robe (worn)
Jewellery
 g - a +6 ring of strength (left hand)
 j - a ring of ice
Scrolls
 c - a scroll of blinking
 i - a scroll of enchant weapon {unknown}
Potions
 e - 2 potions of degeneration {unknown}
 f - a potion of haste {unknown}
 h - a potion of heal wounds {unknown}


   Skills:
 + Level 3.0 Fighting
 + Level 2.6 Maces & Flails
 + Level 1.0 Throwing
 + Level 2.3 Dodging
 + Level 2.9 Spellcasting
 * Level 3.4 Translocations


You had 8 spell levels left.
You didn't know any spells.
Your spell library contained the following spells:

 Spells                   Type           Power      Damage    Failure   Level
 Blink                    Tloc           22%        N/A       9%          2
 Lesser Beckoning         Tloc           22%        N/A       9%          2
 Teleport Other           Tloc           11%        N/A       16%         3
 Vhi's Electric Charge    Tloc/Air       12%        N/A       32%         3
 Manifold Assault         Tloc           11%        N/A       47%         4


Dungeon Overview and Level Annotations

Branches:
Dungeon (2/15)

Altars:

Annotations:
D:1 Robin


Innate Abilities, Weirdness & Mutations

You are too large for most types of armour.
You have tough skin. (AC +1)


Message History

You kill the goblin!
The bat hits you but does no damage. The bat barely misses you.
The goblin hits you with a +0 dagger.
A goblin comes into view. It is wielding a +0 club.
The kobold barely misses you.
You barely miss the kobold. The bat hits you. The goblin barely misses you.
The kobold hits you with a +0 dagger.
A hobgoblin comes into view.
The goblin hits you with a +0 dagger. The kobold closely misses you.
The bat misses you. The goblin barely misses you.
Robin throws the goblin at you! The kobold hits you but does no damage.
You climb upwards.
There is a stone staircase leading down, spattered with blood here.
You closely miss the goblin. Robin closely misses you.
The kobold hits you with a +0 dagger. The goblin hits you with a +0 dagger.
* * * LOW HITPOINT WARNING * * *
You hit the goblin.
You kill the goblin!
Robin hits you but does no damage. The kobold hits you but does no damage.
You closely miss Robin. Robin closely misses you.
The kobold hits you with a +0 dagger.
* * * LOW HITPOINT WARNING * * *
Robin closely misses you. The kobold hits you but does no damage.
You closely miss Robin. Robin hits you with a +0 falchion.
* * * LOW HITPOINT WARNING * * *
The kobold barely misses you.
You hit Robin.
Robin is moderately wounded.
Robin says, "Bow before me, strongest of all the hobgoblins!"
Robin hits you with a +0 falchion.
* * * LOW HITPOINT WARNING * * *
The kobold hits you with a +0 dagger.
* * * LOW HITPOINT WARNING * * *
You hit Robin.
Robin is heavily wounded.
Robin closely misses you. The kobold closely misses you.
You closely miss Robin.
Robin is heavily wounded.
Robin hits you but does no damage. The kobold hits you with a +0 dagger.
You die...

#.##### #.# #.# #.# ##'## ##.#
#.### ##...##########..#
#...#######.....##.........##
........##.........###'###..#
##...##.#.........##.....##.#####
#.......+.........#..#.#..#......
##.).##.#......K..+.#(#)#.+.#.###
#...###.##......@g#..#.#..#.#.##.
#.#####.###....[#)##.....##...##.
........# ##...##..###'###...###.
#.####### ##'####...........# #.
#.# #.# #######.##### #. #.#
#######.# #.# #. #.# #.......##
#.# #. #.#####.####...## #.# #.
.....##.# #.....# ######.# ##


You could see Robin and a kobold.

Vanquished Creatures
  Terence (D:1)
  An adder (D:2)
  3 bats (D:1)
  2 endoplasms (D:1)
  2 giant cockroaches (D:1)
  7 goblins
  A hobgoblin (D:1)
  A jackal (D:2)
  4 quokkas
  3 frilled lizards (D:1)
  2 rats (D:1)
27 creatures vanquished.

Notes
Turn   | Place    | Note
-------+----------+-------------------------------------------
     0 | D:1      | jimonade the Ogre Warper began the quest for the Orb.
     0 | D:1      | Reached XP level 1. HP: 22/22 MP: 3/3
   204 | D:1      | Reached XP level 2. HP: 14/29 MP: 5/5
  1100 | D:2      | Noticed Terence
  1110 | D:1      | Killed Terence
  1111 | D:1      | Reached XP level 3. HP: 12/37 MP: 7/7
  1227 | D:2      | Reached XP level 4. HP: 29/45 MP: 8/8
  1413 | D:2      | Noticed Robin
  1426 | D:1      | HP: 2/45 [kobold/+0 dagger (3)]
  1428 | D:1      | Slain by a kobold

Illustrated notes

Levels and vault maps discovered:
D:1:      mainiacjoe_arrival_reflecting_pool, layout_loops_corners,
          minmay_box_of_dots
D:2:      layout_rooms, minmay_hexomino_p4, uniq_crazy_yiuf_cottage, uniq_robin,
          uniq_terence, uniq_natasha

Skill      XL: |  1  2 |
---------------+-------+-----
Translocations | 3 |  3.4
Maces & Flails | 2 |  2.6
Fighting       | 3 |  3.0
Throwing       | |  1.0
Dodging        | |  2.3
Spellcasting   | |  2.9

Action                     |  1- 3 |  4- 6 || total
---------------------------+-------+-------++-------
  Melee: Mace              |   102 |    22 ||   124
 Armour: Robe              |    51 |    18 ||    69
  Dodge: Dodged            |    67 |    30 ||    97

Table legend: (Time is in decaauts)
 A = Elapsed time spent in this place.
 B = Non-inter-level travel time spent in this place.
 C = Inter-level travel time spent in this place.
 D = Time resting spent in this place.
 E = Time spent auto-exploring this place.
 F = Levels seen in this place.
 G = Mean time per level.
                   A        B        C        D        E       F      G
               +--------+--------+--------+--------+--------+-----+--------+
         Total |   1465 |   1406 |     59 |    257 |    862 |   2 |  732.5 |
       Dungeon |   1465 |   1406 |     59 |    257 |    862 |   2 |  732.5 |
               +--------+--------+--------+--------+--------+-----+--------+

Top non-repeatable levels by time:
     D:1: 1420 daAuts
     D:2: 45 daAuts
